 Dungeon Crawl Stone Soup version 0.26.1-11-gd32895ea62 (webtiles) character file.

Game seed: 9804771708183905987

57 Zeld the Vandal (level 4, -3/29 HPs)
             Began as a Halfling Hunter on July 23, 2021.
             Slain by a scorpion (7 damage)
             ... on level 2 of the Dungeon.
             The game lasted 00:05:32 (2283 turns).

Zeld the Vandal (Halfling Hunter)                   Turns: 2283, Time: 00:05:33

Health: -3/29      AC:  3    Str: 14    XL:     4   Next: 18%
Magic:  4/4        EV: 14    Int:  9    God:
Gold:   34         SH:  4    Dex: 14    Spells: 3/3 levels left

rFire    . . .     SeeInvis .   b - +0 short sword
rCold    . . .     Faith    .   f - +0 buckler
rNeg     . . .     Spirit   .   c - +0 leather armour
rPois    .         Reflect  .   (no helmet)
rElec    .         Harm     .   (no cloak)
rCorr    .         Rampage  .   (no gloves)
Will     .....                  (no boots)
Stlth    +.........             (no amulet)
HPRegen  0.09/turn              (no ring)
MPRegen  0.09/turn              (no ring)

@: lethally poisoned (-3 -> -10)
A: small, mutation resistance 1
a: no special abilities


You were on level 2 of the Dungeon.
You visited 1 branch of the dungeon, and saw 2 of its levels.

You collected 34 gold pieces.

Inventory:

Hand Weapons
 a - a +1 hunting sling
 b - a +0 short sword (weapon)
Missiles
 d - 34 sling bullets
 e - 58 stones (quivered)
Armour
 c - a +0 leather armour (worn)
 f - a +0 buckler (worn)
Scrolls
 i - a scroll of noise {unknown}
 k - a scroll of blinking {unknown}
 l - a scroll of remove curse {unknown}
 n - a scroll of teleportation {unknown}
 o - a scroll of fog {unknown}
 p - a scroll of identify {unknown}
 q - a scroll of fear {unknown}
Potions
 g - a potion of resistance {unknown}
 h - a potion of flight {unknown}
 j - 2 potions of degeneration {unknown}
 m - a potion of lignification {unknown}


   Skills:
 + Level 1.8 Fighting
 + Level 0.8 Short Blades
 + Level 7.2 Slings
 + Level 1.0 Armour
 + Level 2.5 Dodging
 + Level 1.1 Stealth


You had 3 spell levels left.
You didn't know any spells.
Your spell library was empty.

Dungeon Overview and Level Annotations

Branches:
Dungeon (2/15)

Altars:

Annotations:
D:1 Terence


Innate Abilities, Weirdness & Mutations

You are small and have problems with some larger weapons.
You are somewhat resistant to further mutation.


Message History

You are poisoned.
The scorpion poisons you!
You are too injured to fight recklessly!
You are too injured to fight recklessly!
You are too injured to fight recklessly!
You hit the scorpion.
The scorpion is heavily wounded.
You feel sick. The scorpion stings you.
* * * LOW HITPOINT WARNING * * *
Unknown command.
You hit the scorpion.
The scorpion is almost dead.
* * * LOW HITPOINT WARNING * * *
You feel sick. You block the scorpion's attack.
Unknown command.
You closely miss the scorpion.
The scorpion is almost dead.
* * * LOW HITPOINT WARNING * * *
You feel sick. The scorpion stings you!
You die...

#.#
#.##.#####.#####>
#(# #. #.# #...#
#. #.. ..
..###.#######.
######
.###...........
#. .#
##.#.######..
#.## ##....# ...
#. ##.###.## ##..
###.###.## ##.#
#. #...@.).# #.#
##. #.#s###.##
##.# #<. #.
#...###.## #.. #(
#.......# #.. #.
#######.# #.. #.
#.# #.. #. #.#
#.. #. #.# ###
#.## #


You could see a scorpion.

Vanquished Creatures
  An adder (D:2)
  A leopard gecko (D:1)
  7 bats
  2 giant cockroaches (D:1)
  3 goblins (D:1)
  8 hobgoblins
  4 jackals (D:1)
  3 frilled lizards
  10 kobolds
  3 rats
42 creatures vanquished.

Notes
Turn   | Place    | Note
-------+----------+-------------------------------------------
     0 | D:1      | Zeld the Halfling Hunter began the quest for the Orb.
     0 | D:1      | Reached XP level 1. HP: 14/14 MP: 1/1
    91 | D:1      | Reached skill level 6 in Slings
   134 | D:1      | Reached XP level 2. HP: 19/19 MP: 2/2
   260 | D:1      | Reached XP level 3. HP: 24/24 MP: 3/3
   273 | D:1      | Reached skill level 7 in Slings
   790 | D:2      | Noticed Terence
  1980 | D:2      | Reached XP level 4. HP: 28/29 MP: 4/4
  2230 | D:2      | Reached skill level 1 in Armour
  2283 | D:2      | Slain by a scorpion

Illustrated notes

Levels and vault maps discovered:
D:1:      dpeg_arrival_leaves_temple_mockup, layout_basic, serial_rivers,
          chequers_serial_rivers_large_a, chequers_serial_rivers_small_a,
          chequers_serial_rivers_small_3, chequers_serial_rivers_micro_b
D:2:      layout_loops_ring, nrook_uturn, uniq_terence

Skill      XL: |  1  2  3  4 |
---------------+-------------+-----
Slings         | 6 7 |  7.2
Armour         | 1 |  1.0
Fighting       | |  1.8
Short Blades   | |  0.8
Dodging        | |  2.5
Stealth        | |  1.1

Action                   |  1- 3 |  4- 6 || total
-------------------------+-------+-------++-------
Melee: Short sword       |    62 |    18 ||    80
       Unarmed           |    12 |       ||    12
 Fire: Hunting sling     |    76 |    21 ||    97
Throw: Stone             |     1 |       ||     1
Armor: Leather armour    |    16 |       ||    16
Dodge: Dodged            |    40 |     9 ||    49
Block: Buckler           |    16 |     5 ||    21
